 Dungeon Sprint DCSS version 0.27.0-1-g7a089689b8 (webtiles) character file.

Game seed: 5185368096543226320

7827 Groucho the Demonic Cataclysm (level 11, -15/72 HPs)
             Began as a Demonspawn Wanderer on Aug 5, 2021.
             Was a High Priest of Qazlal.
             Demolished by Paemmam the pandemonium lord (21 damage)
             ... in the Dungeon (Sprint V: "Ziggurat Sprint").
             The game lasted 00:05:55 (2016 turns).

Groucho the Demonic Cataclysm (Demonspawn Wanderer) Turns: 2016, Time: 00:05:55

Health: -15/72     AC: 37    Str: 29    XL:     11   Next: 1%
Magic:  1/23       EV:  7    Int: 12    God:    Qazlal [*****.]
Gold:   0          SH: 39    Dex: 13    Spells: 10/10 levels left

rFire    . . .     SeeInvis .   o - +6 shillelagh "Devastator" {shatter}
rCold    . . .     Faith    .   m - +18 shield of the Gong {rElec rN+ Will+ EV-5}
rNeg     + . .     Spirit   .   l - +15 Maxwell's patent armour {-Cast -Tele rElec Will+ rCorr}
rPois    .         Reflect  .   (no helmet)
rElec    +         Harm     .   (no cloak)
rCorr    +         Rampage  .   (no gloves)
Will     ++...     NoTele   +   (boots unavailable) Stlth ..........NoCast +
                                (no amulet)
HPRegen  0.22/turn              x - +6 ring of strength
MPRegen  0.18/turn              y - +6 ring of strength

@: protected from physical damage, studying Armour, repel missiles
A: talons 3, molten scales 2, foul stench 1, demonic magic 1
a: Renounce Religion, Upheaval, Elemental Force, Disaster Area


You were in the Dungeon.
You worshipped Qazlal.
Qazlal was extremely pleased with you.
You visited 1 branch

Inventory:

Hand Weapons
 c - the +6 Majin-Bo {vamp, MP+6 Int+6}
   (You found it in the Dungeon)

   It occasionally heals its wielder for a portion of the damage dealt when they
   wound a living foe with it or with a spell.
   Its wielder's spells cost health as well as magical power.
   Int:       It affects your intelligence (+6).
   MP:        It affects your magic capacity (+6).
 d - the +10 dark maul {vorpal}
   (You found it in the Dungeon)

   It inflicts extra damage upon your enemies.
 j - the +9 heavy crossbow "Sniper" {vorpal, Acc+∞ SInv}
   (You found it in the Dungeon)

   Any ammunition fired from it inflicts extra damage upon your enemies.
   Any ammunition fired from it never misses its target.
   SInv:      It lets you see invisible.
 k - the +14 obsidian axe {vorpal, Drain Fly SInv}
   (You found it in the Dungeon)

   It inflicts extra damage upon your enemies.
   It occasionally summons demons to assist the wielder when it strikes in
   combat.
   Its wielder is mesmerised by any visible foes.
   It cannot be unequipped while any foes are visible.
   SInv:      It lets you see invisible.
   Fly:       It grants you flight.
   Drain:     It drains your maximum health when unequipped.
 n - the +8 lance "Wyrmbane" {slay drac, rPois rF+ rC+ AC+3}
   (You found it in the Dungeon)

   It inflicts extra damage against dragons and draconians.
   AC:        It affects your AC (+3).
   rF:        It protects you from fire.
   rC:        It protects you from cold.
   rPois:     It protects you from poison.
 o - the +6 shillelagh "Devastator" (weapon) {shatter}
   (You found it in the Dungeon)

   It releases a powerful concussive burst when it strikes, dealing extra damage
   to the target and all other foes adjacent to them.
 p - the +8 storm bow {elec, penet}
   (You found it in the Dungeon)

   Any ammunition fired from it occasionally discharges a powerful burst of
   electricity upon striking a foe.
   Any ammunition fired by it passes through the targets it hits, potentially
   hitting all targets in its path until it reaches maximum range.
 q - the +5 sword of Power {vorpal}
   (You found it in the Dungeon)

   It inflicts extra damage upon your enemies.
   It occasionally discharges a powerful but inaccurate bolt of energy upon
   striking a foe, with increased chance the greater the wielder's current
   health.
 r - the +9 sword of Zonguldrok {reap}
   (You found it in the Dungeon)

   Any living foe damaged by it may be reanimated upon death as a zombie
   friendly to the wielder, with an increasing chance as more damage is dealt.
 L - a +5 fustibalus
Missiles
 M - 1000 sling bullets
Armour
 a - +5 gold dragon scales
 l - the +15 Maxwell's patent armour (worn) {-Cast -Tele rElec Will+ rCorr}
   (You found it in the Dungeon)

   rElec:     It insulates you from electricity.
   -Cast:     It prevents spellcasting.
   -Tele:     It prevents most forms of teleportation.
   rCorr:     It protects you from acid and corrosion.
   Will:      It increases your willpower.
 m - the +18 shield of the Gong (worn) {rElec rN+ Will+ EV-5}
   (You found it in the Dungeon)

   It is deafeningly noisy when blocking attacks.
   EV:        It affects your evasion (-5).
   rElec:     It insulates you from electricity.
   rN:        It protects you from negative energy.
   Will:      It increases your willpower.
Jewellery
 s - a ring of flight
 t - a +6 ring of dexterity
 u - a +6 ring of dexterity
 v - a +6 ring of intelligence
 w - a +6 ring of intelligence
 x - a +6 ring of strength (left hand)
 y - a +6 ring of strength (right hand)
Wands
 z - a wand of mindburst (7)
 A - a wand of iceblast (7)
 B - a wand of acid (7)
Scrolls
 i - 4 scrolls of blinking
 H - 4 scrolls of amnesia
 I - 7 scrolls of fog
 J - 5 scrolls of identify
 K - 2 scrolls of fear
 O - a scroll of brand weapon
Potions
 b - 11 potions of haste
 e - 10 potions of curing
 f - 8 potions of heal wounds
 g - 7 potions of magic
 h - 3 potions of berserk rage
 C - 2 potions of brilliance
 D - 2 potions of invisibility
 E - 4 potions of resistance
 F - a potion of experience
 G - 5 potions of might
Miscellaneous
 N - a piece from Xom's chessboard (15/15)
 P - a piece from Xom's chessboard (15/15)


   Skills:
 - Level 2.0 Fighting
 - Level 1.0 Long Blades
 - Level 1.0 Throwing
 + Level 13.2 Armour
 + Level 12.4 Dodging
 - Level 2.6 Stealth
 + Level 12.2 Shields
 + Level 16.5 Invocations


You had 10 spell levels left.
You didn't know any spells.
Your spell library contained the following spells:

 Spells                   Type           Power      Damage    Failure   Level
 Corona                   Hex            0%         N/A       96%         1
 Corpse Rot               Necr/Air       N/A        N/A       99%         2
 Poisonous Vapours        Pois/Air       0%         N/A       99%         2
 Sublimation of Blood     Necr           0%         N/A       99%         2
 Dazzling Flash           Conj/Hex       0%         N/A       100%        3
 Frozen Ramparts          Ice            0%         1d2       100%        3
 Gell's Gravitas          Tloc           0%         N/A       100%        3
 Ozocubu's Armour         Ice            0%         N/A       100%        3
 Teleport Other           Tloc           0%         N/A       100%        3
 Ice Form                 Ice/Tmut       0%         N/A       100%        4
 Summon Ice Beast         Ice/Summ       0%         N/A       100%        4
 Agony                    Necr           0%         N/A       100%        5
 Fireball                 Conj/Fire      0%         3d3       100%        5
 Freezing Cloud           Conj/Ice/Air   0%         6-21      100%        5
 Irradiate                Conj/Tmut      0%         3d13      100%        5
 Metabolic Englaciation   Hex/Ice        0%         N/A       100%        5
 Silence                  Hex/Air        0%         N/A       100%        5
 Summon Forest            Summ/Tloc      0%         N/A       100%        5
 Dispersal                Tloc           0%         N/A       100%        6
 Simulacrum               Ice/Necr       0%         N/A       100%        6
 Summon Hydra             Summ           0%         N/A       100%        7


Dungeon Overview and Level Annotations

Branches:
Dungeon (1/1)

Altars:
Ashenzari
Cheibriados
Dithmenos
Elyvilon
Fedhas
Gozag
Hepliaklqana
Kikubaaqudgha
Makhleb
Nemelex Xobeh
Okawaru
Qazlal
Ru
Sif Muna
Trog
Uskayaw
Vehumet
Wu Jian
Xom
Yredelemnul
Zin
The Shining One
Beogh
Jiyva
Lugonu

Annotations:
D 1 transporter


Innate Abilities, Weirdness & Mutations

You have claws for feet.
You are mostly covered in molten scales. (AC +3)
You may rarely emit foul miasma when damaged in melee.
Spells you cast may paralyse adjacent enemies.


Message History

GONNNNG!
You block the Brimstone Fiend's attack.
BONNNG!
The Brimstone Fiend hits you but does no damage.
The Ice Fiend barely misses you.
The Ice Fiend claws you but does no damage.
Unknown command.
Unknown command.
You completely miss something. Your kick misses something.
You block something's attack.
BOUMMMMG!
You block the Brimstone Fiend's attack.
SHROANNG!
You block the Brimstone Fiend's attack.
GONNNNG!
The Brimstone Fiend hits you but does no damage.
Something pecks you but does no damage. Space bends around you.
The Ice Fiend claws you but does no damage.
The Ice Fiend claws you. The Ice Fiend freezes you!!!
Your resistance to physical damage fades away.
You feel protected from cold.
Ouch! That really hurt!
* * * LOW HITPOINT WARNING * * *
Unknown command.
You feel much better. Something pecks you!
* * * LOW HITPOINT WARNING * * *
Your resistance to cold fades away.
You feel protected from physical attacks.
The Brimstone Fiend hits you but does no damage.
You block the Brimstone Fiend's attack.
GONNNNG!
You block the Brimstone Fiend's attack.
GONNNNG!
You block the Ice Fiend's attack.
BONNNG!
The Ice Fiend claws you but does no damage.
Something pecks you.
* * * LOW HITPOINT WARNING * * *
Space warps horribly around you!!
You die...

▓▓▓▓▓▓▓▓▓▓▓▓▓▓▓▓▓▓▓
▓...8©8...▓..8©8..▓
▓..[}}[|..▓..[.)..▓
▓....:≈...▓...))..▓
▓.........▓..))|..▓
▓.........▓...)...▓
▓.....§°..▓.......▓
▓...1{§...▓.......▓
▓..°☼@....▓.......▓
▓...1§.○..▓...©...▓
▓▓▓▓▓▓▓▓▓▓▓▓▓▓▓▓▓▓▓


You could see a Brimstone Fiend (summoned) and an Ice Fiend (summoned).

Vanquished Creatures
  2 mummy priests (D)
  A dancing weapon (D)
  A two-headed ogre (shapeshifter) (D)
  A deep elf zephyrmancer (D)
  A deep elf archer (D)
  An ugly thing (D)
  A deep elf pyromancer (D)
  A rust devil (D)
  2 orange demons (D)
  An ice devil (D)
  2 wind drakes (D)
  3 merfolk (D)
  An ushabti (D)
  2 yaks (D)
  A chaos spawn (D)
  A sky beast (shapeshifter) (D)
  An orc warrior (D)
  A necrophage (D)
  A centaur (D)
  A howler monkey (shapeshifter) (D)
  A crimson imp (D)
  3 orc priests (D)
  2 iguanas (D)
  2 orc wizards (D)
  3 mummies (D)
  A shadow imp (D)
  A worm (shapeshifter) (D)
  2 orcs (D)
  A bat skeleton (D)
  A ball python skeleton (D)
  A giant cockroach zombie (D)
44 creatures vanquished.

Notes
Turn   | Place    | Note
-------+----------+-------------------------------------------
     0 | D        | Groucho the Demonspawn Wanderer began the quest for the
                  | Orb.
     0 | D        | Groucho set off with the following items: a +2 dagger, 2
                  | potions of haste, a +0 ring mail, a +0 falchion, a potion
                  | of curing, a potion of heal wounds, 2 potions of magic, a
                  | potion of berserk rage, a scroll of blinking
     0 | D        | Reached XP level 1. HP: 16/16 MP: 1/1
    11 | D        | Found a blossoming altar of Fedhas.
    12 | D        | Found the +6 Majin-Bo {vamp, MP+6 Int+6}
    12 | D        | Found the +9 heavy crossbow "Sniper" {vorpal, Acc+∞ SInv}
    12 | D        | Found the +10 dark maul {vorpal}
    12 | D        | Found the +15 Maxwell's patent armour {-Cast -Tele rElec
                  | Will+ rCorr}
    12 | D        | Found the +18 shield of the Gong {rElec rN+ Will+ EV-5}
    12 | D        | Found the +14 obsidian axe {vorpal, Drain Fly SInv}
    12 | D        | Found the +7 great mace "Firestarter" {inner flame, rF++}
    12 | D        | Found the +6 shillelagh "Devastator" {shatter}
    12 | D        | Found the +11 plutonium sword {Contam Stlth-}
    12 | D        | Found the +8 lance "Wyrmbane" {slay drac, rPois rF+ rC+
                  | AC+3}
    12 | D        | Found the +9 sword of Zonguldrok {reap}
    12 | D        | Found the +13 scythe of Curses {drain, Drain}
    12 | D        | Found the +5 sword of Power {vorpal}
    12 | D        | Found the +7 mace of Variability {chain chaos}
    12 | D        | Found the +7 Singing Sword {vorpal, sonic wave}
    12 | D        | Found the +8 storm bow {elec, penet}
    12 | D        | Found a viscous altar of Jiyva.
    12 | D        | Found a hazy altar of Hepliaklqana.
    12 | D        | Found a transporter.
    12 | D        | Found an opulent altar of Gozag.
    12 | D        | Found an ancient bone altar of Kikubaaqudgha.
    12 | D        | Found a corrupted altar of Lugonu.
    19 | D        | Found a burning altar of Makhleb.
    20 | D        | Found an iron altar of Okawaru.
    20 | D        | Found a sparkling altar of Nemelex Xobeh.
    20 | D        | Found a stormy altar of Qazlal.
    20 | D        | Found a sacrificial altar of Ru.
    20 | D        | Found a shimmering blue altar of Sif Muna.
    30 | D        | Found a bloodstained altar of Trog.
    65 | D        | Became a worshipper of Qazlal Stormbringer
    88 | D        | Entered arena 2.
    88 | D        | Noticed an orc priest
    88 | D        | Found a transporter.
    90 | D        | Killed an orc priest
    91 | D        | Reached skill level 3 in Invocations
    91 | D        | Gained mutation: You are partially covered in molten
                  | scales. (AC +2) [demonic ancestry]
    91 | D        | Reached XP level 2. HP: 22/22 MP: 1/4
    91 | D        | Gained mutation: You have sharp toenails. [demonic
                  | ancestry]
    91 | D        | Reached XP level 3. HP: 27/27 MP: 1/5
   308 | D        | Entered arena 3.
   308 | D        | Noticed a necrophage
   308 | D        | Found a transporter.
   310 | D        | Reached * piety under Qazlal
   313 | D        | Killed a necrophage
   314 | D        | Reached skill level 5 in Invocations
   314 | D        | Gained mutation: You may rarely emit foul miasma when
                  | damaged in melee. [demonic ancestry]
   314 | D        | Reached XP level 4. HP: 33/33 MP: 5/8
   320 | D        | Got the Guide on Hexes and Creation
   524 | D        | Entered arena 4.
   524 | D        | Noticed a yak
   524 | D        | Noticed a yak
   524 | D        | Found a transporter.
   527 | D        | Reached ** piety under Qazlal
   528 | D        | Reached skill level 6 in Invocations
   528 | D        | Reached XP level 5. HP: 38/38 MP: 9/9
   528 | D        | Killed a yak
   529 | D        | Reached skill level 5 in Armour
   529 | D        | Reached skill level 5 in Shields
   529 | D        | Reached skill level 8 in Invocations
   529 | D        | Gained mutation: You are mostly covered in molten scales.
                  | (AC +3) [demonic ancestry]
   529 | D        | Reached XP level 6. HP: 44/44 MP: 9/12
   533 | D        | Killed a yak
   534 | D        | Reached skill level 9 in Invocations
   658 | D        | Entered arena 5.
   658 | D        | Noticed a sky beast
   658 | D        | Noticed a brown ugly thing
   658 | D        | Found a transporter.
   661 | D        | Killed a brown ugly thing
   662 | D        | Reached skill level 11 in Invocations
   662 | D        | Gained mutation: You have razor-sharp toenails. [demonic
                  | ancestry]
   662 | D        | Reached XP level 7. HP: 50/50 MP: 1/15
   662 | D        | Reached *** piety under Qazlal
   921 | D        | Entered arena 6.
   921 | D        | Noticed a deep elf pyromancer
   921 | D        | Noticed a faun
   921 | D        | Noticed a +0 long sword of protection
   921 | D        | Noticed a deep elf zephyrmancer
   921 | D        | Noticed a deep elf archer
   921 | D        | Found a transporter.
   922 | D        | Noticed a shock serpent
   922 | D        | a faun changed into a shock serpent
   923 | D        | Killed a +0 long sword of protection
   924 | D        | Reached skill level 12 in Invocations
   924 | D        | Gained mutation: You have claws for feet. [demonic
                  | ancestry]
   924 | D        | Reached XP level 8. HP: 39/56 MP: 7/17
   924 | D        | Killed a deep elf archer
   925 | D        | Gained mutation: Spells you cast may paralyse adjacent
                  | enemies. [demonic ancestry]
   925 | D        | Reached XP level 9. HP: 43/61 MP: 3/18
   926 | D        | Killed a deep elf zephyrmancer
   926 | D        | Killed a deep elf pyromancer
   927 | D        | Reached skill level 10 in Armour
   927 | D        | Reached skill level 10 in Dodging
   927 | D        | Reached skill level 10 in Shields
   927 | D        | Reached skill level 13 in Invocations
   928 | D        | Noticed an elephant
   928 | D        | a shock serpent changed into an elephant
   928 | D        | Noticed a faun
   928 | D        | an elephant changed into a faun
   930 | D        | Noticed an eye of devastation
   930 | D        | a faun changed into an eye of devastation
   936 | D        | Noticed a merfolk
   936 | D        | an eye of devastation changed into a merfolk
   939 | D        | Noticed a deep troll
   939 | D        | a merfolk changed into a deep troll
   940 | D        | Noticed a death drake
   940 | D        | a deep troll changed into a death drake
   941 | D        | Noticed a sea snake
   941 | D        | a death drake changed into a sea snake
   943 | D        | Noticed a two-headed ogre
   943 | D        | a sea snake changed into a two-headed ogre
   945 | D        | Killed a two-headed ogre
   945 | D        | Reached **** piety under Qazlal
   946 | D        | Reached skill level 14 in Invocations
  1462 | D        | Entered arena 7.
  1462 | D        | Noticed a merfolk
  1462 | D        | Noticed a merfolk
  1462 | D        | Noticed a wind drake
  1462 | D        | Noticed a merfolk
  1462 | D        | Noticed a wind drake
  1463 | D        | Identified the +10 flail of Dishonesty {vorpal, rElec rCorr
                  | Str+4 Int-5}
  1464 | D        | Killed a wind drake
  1465 | D        | Killed a wind drake
  1465 | D        | Killed a merfolk
  1466 | D        | Reached XP level 10. HP: 67/67 MP: 7/21
  1468 | D        | Found a transporter.
  1472 | D        | Reached skill level 15 in Invocations
  1726 | D        | Entered arena 8.
  1727 | D        | Found a transporter.
  1728 | D        | Reached ***** piety under Qazlal
  1739 | D        | Got the Reference Book on Evil and Arcane Weapons
  1752 | D        | Entered arena 9.
  1752 | D        | Noticed a mummy priest
  1752 | D        | Noticed a mummy priest
  1754 | D        | Noticed a jiangshi
  1754 | D        | Killed a mummy priest
  1755 | D        | Killed a mummy priest
  1758 | D        | Reached skill level 16 in Invocations
  1984 | D        | Found a transporter.
  2003 | D        | Entered arena 10.
  2003 | D        | Noticed an orange demon
  2003 | D        | Noticed an orange demon
  2003 | D        | Noticed a rust devil
  2003 | D        | Noticed Paemmam the pandemonium lord
  2004 | D        | Found a transporter.
  2005 | D        | Killed an orange demon
  2005 | D        | Killed an orange demon
  2005 | D        | Reached ****** piety under Qazlal
  2006 | D        | Killed a rust devil
  2007 | D        | Reached XP level 11. HP: 68/72 MP: 11/23
  2010 | D        | Noticed a Brimstone Fiend
  2014 | D        | Noticed an Ice Fiend
  2015 | D        | HP: 1/72 [Ice Fiend[Paemmam] (40)]
  2016 | D        | Demolished by Paemmam the pandemonium lord

Illustrated notes

Levels and vault maps discovered:
D:        sprint_v [room_start, room_1, room_2, room_3, room_4, room_5, room_6,
          room_7, room_8, room_9, room_10, room_11, room_12, room_13, room_14,
          room_15, room_16, room_17, room_18, room_19, room_20, room_21,
          room_22, room_23, room_24, room_25, room_26, room_27]

Skill      XL: |  1  2  3  4  5  6  7  8  9 10 |
---------------+-------------------------------+-----
Armour         | 2 4 5 7 9 11 13 | 13.2
Dodging        | 3 4 6 8 9 11 12 | 12.4
Shields        | 2 4 5 7 9 10 12 | 12.2
Invocations    | 3 5 6 8 11 12 14 16 | 16.5
Fighting       | |  2.0
Long Blades    | |  1.0
Throwing       | |  1.0
Stealth        | |  2.6

Action                   |  1- 3 |  4- 6 |  7- 9 | 10-12 || total
-------------------------+-------+-------+-------+-------++-------
Melee: Shillelagh        |     4 |     6 |    23 |     6 ||    39
       Kick              |       |       |     7 |     1 ||     8
Invok: Upheaval          |       |     3 |     6 |    11 ||    20
       Disaster Area     |       |       |       |     1 ||     1
  Use: Potion            |       |       |       |     2 ||     2
Armor: Plate armour      |     1 |     2 |     3 |    13 ||    19
Dodge: Dodged            |       |       |       |     1 ||     1
Block: Kite shield       |     2 |     9 |    17 |    25 ||    53
